 Dungeon Sprint DCSS version 0.22.1-1-ga44c0e56f4 (webtiles) character file.

1764 MuseOD the Unseen (level 8, -2/39 HPs)
             Began as a Spriggan Enchanter on Sept 28, 2018.
             Was a Believer of Dithmenos.
             Slain by an earth elemental (25 damage)
             ... in the Dungeon (Sprint III: "The Ten Rune Challenge").
             The game lasted 00:03:50 (762 turns).

MuseOD the Unseen (Spriggan Enchanter)               Turns: 762, Time: 00:03:50

Health: -2/39      AC:  3    Str:  4    XL:     8   Next: 79%
Magic:  3/24       EV: 18    Int: 18    God:    Dithmenos [**....]
Gold:   17         SH:  0    Dex: 17    Spells: 9/29 levels left

rFire    + . .     SeeInvis +   a - +1 dagger
rCold    + . .     Gourm    .   (shield restricted)
rNeg     . . .     Faith    .   p - +1 robe {rC+ rF+}
rPois    .         Spirit   .   (helmet restricted)
rElec    .         Reflect  .   (no cloak)
rCorr    .         Harm     .   (gloves unavailable)
MR       +....     NoTele   +   (boots unavailable)
Stlth    ++++++++..             (no amulet)
HPRegen  0.13/turn              (no ring)
MPRegen  0.19/turn              (no ring)

@: wreathed by umbra, very quick
A: very small, unfitting armour, see invisible, herbivore, speed 3, slow
metabolism 2
a: Shadow Step, Renounce Religion


You were in the Dungeon.
You worshipped Dithmenos.
Dithmenos was pleased with you.
You were not hungry.

You visited 1 branch You collected 17 gold pieces.

Inventory:

Hand Weapons
 a - a +1 dagger (weapon)
Armour
 b - a +0 robe
 p - a +1 robe of resistance (worn)
Wands
 o - a wand of random effects (39)
Scrolls
 c - 3 scrolls of identify
 j - a scroll of blinking
 l - 2 scrolls of holy word {unknown}
 m - 5 scrolls of remove curse
Potions
 e - a potion of curing
 f - a potion of heal wounds
 g - a potion of haste
 h - 2 potions of magic
 i - 2 potions of berserk rage
 k - 5 potions of mutation {unknown}
 n - 3 potions of flight
Comestibles
 d - 4 rations


   Skills:
 - Level 2.8 Fighting
 + Level 11.5 Short Blades
 - Level 3.0 Dodging
 + Level 15.1 Stealth
 - Level 11.2 Spellcasting
 + Level 0.0 Conjurations
 - Level 11.4 Hexes


You had 9 spell levels left.
You knew the following spells:

 Your Spells              Type           Power        Failure   Level  Hunger
a - Corona                Hex            ######.      1%          1    None
b - Ensorcelled Hibernat  Hex/Ice        ####..       1%          2    None
c - Confuse               Hex            ######..     1%          3    None
d - Dazzling Spray        Conj/Hex       ####..       1%          3    None
e - Mephitic Cloud        Conj/Pois/Air  ##......     22%         3    None
f - Tukima's Dance        Hex            ######..     1%          3    None
g - Stone Arrow           Conj/Erth      ##....       22%         3    None
h - Call Imp              Summ           ##......     11%         2    None

Your spell library contained the following spells:

 Spells                   Type           Power        Failure   Level  Hunger
 Slow                     Hex            ######..     1%          2    None
 Magic Dart               Conj           ##..         7%          1    None
 Leda's Liquefaction      Hex/Erth       ####......   7%          4    ##.....
 Blink                    Tloc           N/A          11%         2    None
 Corpse Rot               Necr           N/A          11%         2    None
 Conjure Flame            Conj/Fire      ##......     22%         3    None
 Summon Forest            Summ/Tloc      ##........   89%         5    ####...
 Hydra Form               Tmut           ##........   100%        6    ######.
 Summon Hydra             Summ           ##........   100%        7    #######


Dungeon Overview and Level Annotations

Branches:
Dungeon (1/1)

Altars:
Dithmenos
Elyvilon
Kikubaaqudgha
Okawaru
Ru
Sif Muna
Trog
Uskayaw
Vehumet
Wu Jian
Yredelemnul
Zin
The Shining One
Beogh


Innate Abilities, Weirdness & Mutations

You are very small and have problems with some larger weapons.
You are too small for most types of armour.
You have supernaturally acute eyesight. (SInv)
You are a herbivore.
You cover ground extremely quickly.
You need to consume almost no food.


Message History

The earth elemental is heavily damaged.
The earth elemental hits you.
You hit the earth elemental but do no damage.
The earth elemental is heavily damaged.
You hit the earth elemental but do no damage.
The earth elemental is heavily damaged.
You hit the earth elemental but do no damage.
The earth elemental is heavily damaged.
You hit the earth elemental but do no damage.
The earth elemental is heavily damaged.
The earth elemental misses you.
You completely miss the earth elemental.
The earth elemental is heavily damaged.
You barely miss the earth elemental.
The earth elemental is heavily damaged.
You hit the earth elemental but do no damage.
The earth elemental is heavily damaged.
The earth elemental hits you!!
Ouch! That really hurt!
You die...

..#__)#._#
#'#'###'##
.........#
⌠........#
..######'# ⌠.#
#...#+#########
..#
#...#..§§§§.#.+
###
#...#.#§§§#.#.#
))#
#...'.#§§§#@#.#
__#
+...#.#.§§#§E.#
▓▓▓
▓▓▓▓▓▓▓▓▓▓▓▓▓▓▓


You could see an earth elemental.

Vanquished Creatures
  Erica (D)
  A deep elf mage (D)
  A shadow (D)
  A necrophage (D)
  A water elemental (D)
  A jelly (D)
  A wizard (D)
  Jessica (D)
  A necromancer (D)
  3 humans (D)
  A kobold demonologist (D)
  A wolf (D)
  3 rats (D)
17 creatures vanquished.

Vanquished Creatures (others)
  2 draconian scorchers (D)
  6 hellions (D)
  A yaktaur (D)
9 creatures vanquished.

Grand Total: 26 creatures vanquished

Notes
Turn   | Place    | Note
-------+----------+-------------------------------------------
     0 | D        | MuseOD the Spriggan Enchanter began the quest for the Orb.
     0 | D        | Reached XP level 1. HP: 9/9 MP: 5/5
    45 | D        | Noticed Jessica
    48 | D        | Killed Jessica
    48 | D        | Reached skill level 6 in Stealth
    48 | D        | Reached XP level 2. HP: 15/15 MP: 6/6
    55 | D        | Learned a level 2 spell: Ensorcelled Hibernation
    75 | D        | Reached skill level 5 in Short Blades
    75 | D        | Reached XP level 3. HP: 19/19 MP: 8/8
    91 | D        | Reached skill level 7 in Stealth
   113 | D        | Killed a hellion
   114 | D        | Killed a hellion
   114 | D        | Killed a hellion
   127 | D        | Killed a hellion
   139 | D        | Killed a yaktaur
   146 | D        | Killed a hellion
   149 | D        | Learned a level 3 spell: Confuse
   149 | D        | Noticed a water elemental
   152 | D        | Killed a water elemental
   152 | D        | Reached skill level 8 in Stealth
   152 | D        | Reached skill level 5 in Hexes
   152 | D        | Reached XP level 4. HP: 23/23 MP: 9/11
   160 | D        | Killed a hellion
   174 | D        | Found a basalt altar of Yredelemnul.
   174 | D        | Found a shadowy altar of Dithmenos.
   174 | D        | Found a sacrificial altar of Ru.
   174 | D        | Noticed a necrophage
   178 | D        | Killed a necrophage
   178 | D        | Reached skill level 9 in Stealth
   178 | D        | Reached skill level 5 in Spellcasting
   178 | D        | Reached XP level 5. HP: 28/28 MP: 2/14
   184 | D        | Reached skill level 10 in Stealth
   187 | D        | Became a worshipper of Dithmenos the Shadowed
   228 | D        | Killed a white draconian scorcher
   239 | D        | Killed a white draconian scorcher
   270 | D        | Found a glowing silver altar of Zin.
   270 | D        | Found a glowing golden altar of the Shining One.
   270 | D        | Found a white marble altar of Elyvilon.
   270 | D        | Noticed a deep elf mage
   273 | D        | Killed a deep elf mage
   273 | D        | Reached skill level 12 in Stealth
   273 | D        | Reached XP level 6. HP: 32/32 MP: 14/18
   273 | D        | Reached XP level 7. HP: 35/35 MP: 15/20
   278 | D        | Learned a level 3 spell: Dazzling Spray
   350 | D        | Found a hide-covered altar of Uskayaw.
   350 | D        | Found a roughly hewn altar of Beogh.
   350 | D        | Found an iron altar of Okawaru.
   350 | D        | Found a bloodstained altar of Trog.
   350 | D        | Found an ornate altar of the Wu Jian Council.
   350 | D        | Noticed a human
   350 | D        | Noticed a human
   359 | D        | Killed a human
   359 | D        | Reached skill level 10 in Short Blades
   359 | D        | Reached skill level 13 in Stealth
   360 | D        | Killed a human
   360 | D        | Reached * piety under Dithmenos
   443 | D        | Found a radiant altar of Vehumet.
   444 | D        | Found a deep blue altar of Sif Muna.
   444 | D        | Found an ancient bone altar of Kikubaaqudgha.
   445 | D        | Reached skill level 10 in Hexes
   456 | D        | Learned a level 3 spell: Mephitic Cloud
   460 | D        | Learned a level 3 spell: Tukima's Dance
   464 | D        | Learned a level 3 spell: Stone Arrow
   467 | D        | Learned a level 2 spell: Call Imp
   478 | D        | Noticed a shadow
   480 | D        | Killed a shadow
   480 | D        | Reached ** piety under Dithmenos
   480 | D        | Reached skill level 10 in Spellcasting
   480 | D        | Reached XP level 8. HP: 39/39 MP: 23/23
   490 | D        | Noticed Erica
   493 | D        | Killed Erica
   493 | D        | Reached skill level 15 in Stealth
   762 | D        | Slain by an earth elemental

Skill      XL: |  1  2  3  4  5  6  7  8 |
---------------+-------------------------+-----
Short Blades   | 4 5 6 7 9 10 11 | 11.5
Fighting       | 2 |  2.8
Stealth        | 6 8 9 12 13 15 | 15.1
Spellcasting   | 4 5 8 10 11 | 11.2
Hexes          | 5 6 9 10 11 | 11.4
Dodging        | |  3.0

Action                   |  1- 3 |  4- 6 |  7- 9 || total
-------------------------+-------+-------+-------++-------
Melee: Dagger            |     7 |     6 |    27 ||    40
 Cast: Ensorcelled Hiber |     1 |       |       ||     1
       Confuse           |       |     3 |       ||     3
       Dazzling Spray    |       |       |    18 ||    18
 Stab: Sleeping          |     7 |     1 |     5 ||    13
       Confused          |       |     2 |       ||     2
       Invisible         |       |       |     2 ||     2
Dodge: Dodged            |       |     1 |    11 ||    12
